Match 46797048
Unlisted

Match 46797048
End
Pioneer Squad
Construct Infanterie Kompanie
Grenadier Squad
MG 42 Machine Gun Team
Grenadier Squad
Construct Luftwaffe Kompanie
221 Scout Car
Flak 30 Anti-aircraft Gun Team
Jäger Squad
Jäger Squad
Lardt
alloverU LIKEARASH
Bego
aSIIDemolitionHammer
0
0

Comments sign in to comment!

No comments posted yet!